Map: Deathaura LE

Players

Kultheel

  • Race: Protoss Protoss
  • League: Gold
  • Spawn Location: 11:00

Shiva - Winner!

  • Race: Zerg Zerg
  • League: Master
  • Spawn Location: 5:00

VOD

Have the link to the VOD?

Description

Shiva Roaches

Time

  • Played on: Sept. 12, 2020, 9:55 p.m.
  • Length: 4:21
Show
View Real Time Build Order
Export as new Build Order

Kultheel Protoss 

Build Orders: 1 Gate Expand 

Get SALT Encoding   

  12  0:01  Probe  
  13  0:13  Probe  
  14  0:18  Pylon  
  14  0:25  Probe  
  15  0:37  Probe  
  15  0:40  Gateway  
  16  0:49  Probe  
  17  0:55  Assimilator  
  17  1:03  Probe  
  18  1:20  Nexus  
  18  1:24  Probe  
  19  1:36  Probe  
  19  1:38  Zealot (Chrono Boost)  
  22  1:47  Cybernetics Core  
  22  2:01  Probe  
  23  2:16  Pylon  
  23  2:32  Probe (Chrono Boost), Pylon  
  24  2:37  Assimilator  
  24  2:38  Warp Gate (Chrono Boost)  
  24  2:41  Probe (Chrono Boost)  
  24  2:43  Probe (Chrono Boost)  
  26  2:44  Stalker  
  28  3:01  Gateway  
  28  3:02  Gateway  
  28  3:09  Probe  
  28  3:10  Probe, Shield Battery  
  30  3:22  Probe x2  
  32  3:34  Probe  
  32  3:35  Probe  
  32  3:37  Robotics Facility  
  34  3:46  Probe  
  34  3:47  Probe  
Show
View Real Time Build Order
Export as new Build Order

Shiva Zerg - Winner!

Build Orders: Pool First 

Get SALT Encoding   

  12  0:00  Drone  
  13  0:12  Overlord  
  13  0:16  Drone  
  14  0:30  Drone x2  
  14  0:35  Drone  
  17  0:36  Extractor  
  16  0:46  Spawning Pool  
  15  0:50  Drone  
  15  0:55  Drone  
  17  1:06  Drone  
  18  1:25  Hatchery  
  17  1:33  Zergling x4  
  17  1:37  Metabolic Boost  
  17  1:39  Zergling x2  
  20  1:53  Roach Warren  
  19  2:06  Queen  
  21  2:13  Overlord  
  21  2:18  Overlord  
  21  2:34  Roach x2  
  25  2:37  Roach  
  25  2:42  Zergling x2  
  28  2:47  Zergling x2  
  28  2:49  Zergling x2  
  30  2:55  Ravager  
  31  2:59  Zergling x4  
  31  3:02  Ravager  
  34  3:08  Zergling x2  
  34  3:10  Zergling x2  
  36  3:14  Zergling x2  
  36  3:15  Zergling x2  
  38  3:20  Zergling x2  
  38  3:24  Zergling x2  
  40  3:30  Ravager  
  40  3:34  Zergling x2  
  42  3:35  Zergling x2  
  42  3:41  Zergling x2  
  42  3:43  Zergling x2  
  42  3:45  Zergling x2  
  43  3:51  Zergling x2  
  43  3:54  Zergling x2  
Tags
 
Add a new tag
Caveats
  • Supply blocks, unpowered buildings, or Contaminate may cause inaccurate times.
  • Supply counts are checked every 10 seconds.